 Dungeon Crawl Stone Soup version 0.28-a0-823-gb444dcf96d (webtiles) character file.

Game seed: 4801606684194320466

64 Ijustatesigmund the Skirmisher (level 4, -4/30 HPs)
             Began as a Gargoyle Fighter on Nov 10, 2021.
             Slain by a phantom (5 damage)
             ... on level 4 of the Dungeon.
             The game lasted 00:03:46 (3249 turns).

Ijustatesigmund the Skirmisher (Gargoyle Fighter)   Turns: 3249, Time: 00:03:47

Health: -4/30      AC: 12    Str: 16 (19) XL:     4   Next: 12%
Magic:  4/4        EV:  9    Int:  7 (10) God:
Gold:   108        SH:  4    Dex:  7 (9)  Spells: 3/3 levels left

rFire   . . .      SeeInvis .   a - +0 flail
rCold   . . .      Faith    .   c - +0 buckler
rNeg    + . .      Spirit   .   b - +0 scale mail
rPois   ∞          Reflect  .   f - +1 helmet
rElec   +          Harm     .   (no cloak)
rCorr   .          Rampage  .   (no gloves)
Will    .....                   (no boots)
Stlth   ..........              (no amulet)
HPRegen 0.10/turn               (no ring)
MPRegen 0.09/turn               (no ring)

@: mighty
A: sickness immunity, AC +3, negative energy resistance 1, electricity
resistance, torment resistance 1, petrification resistance
a: no special abilities


You were on level 4 of the Dungeon.
You visited 1 branch of the dungeon, and saw 4 of its levels.

You collected 108 gold pieces.

Inventory:

Hand Weapons
 a - a +0 flail (weapon)
Armour
 b - a +0 scale mail (worn)
 c - a +0 buckler (worn)
 f - a +1 helmet (worn)
Scrolls
 h - 2 scrolls of amnesia
 j - a scroll of enchant armour
 k - a scroll of immolation
Potions
 e - a potion of curing
 i - a potion of heal wounds {unknown}


   Skills:
 + Level 4.4 Fighting
 + Level 3.3 Maces & Flails
 - Level 3.2 Armour
 - Level 3.2 Shields


You had 3 spell levels left.
You didn't know any spells.
Your spell library contained the following spells:

 Spells                   Type           Power      Damage    Failure   Level
 Foxfire                  Conj/Fire      0%         2x1d4     87%         1
 Conjure Flame            Conj/Fire      0%         6-21      99%         3
 Dazzling Flash           Conj/Hex       0%         N/A       99%         3
 Ignite Poison            Fire/Tmut/Pois 0%         N/A       99%         3
 Inner Flame              Hex/Fire       0%         N/A       99%         3
 Portal Projectile        Hex/Tloc       0%         N/A       99%         3
 Cause Fear               Hex            0%         N/A       100%        4
 Flame Wave               Conj/Fire      0%         3d3       100%        4
 Blade Hands              Tmut           0%         N/A       100%        5
 Excruciating Wounds      Necr           0%         N/A       100%        5
 Metabolic Englaciation   Hex/Ice        0%         N/A       100%        5
 Summon Mana Viper        Hex/Summ       0%         N/A       100%        5


Dungeon Overview and Level Annotations

Branches:
Dungeon (4/15)
 Temple: D:4-7

Altars:
Dithmenos
Nemelex Xobeh
Qazlal

Annotations:
D:3 1 runed translucent door, wpisznazwe's ghost, amateur OgFi


Innate Abilities, Weirdness & Mutations

You are immune to sickness and miasma.
Your stone body is resilient. (AC +3)
You are immune to poison.
You resist negative energy. (rN+)
You are resistant to electric shocks. (rElec)
You are resistant to unholy torment.
You are immune to petrification.


Message History

It was a potion of curing.
You feel better.
The phantom hits you but does no damage.
You feel very mighty all of a sudden. The phantom hits you.
* * * LOW HITPOINT WARNING * * *
The jackal bites you but does no damage.
It was a potion of degeneration.
There was something very wrong with that liquid.
You feel weakened.
You feel dopey.
You feel clumsy.
The jackal bites you but does no damage.
The phantom hits you.
* * * LOW HITPOINT WARNING * * *
The phantom blinks!
You blink.
A kobold comes into view. It is wielding a +0 dagger.
You feel better.
The kobold shouts!
You block the phantom's attack.
Found a bone wand and 22 stones.
The kobold hits you but does no damage.
You barely miss the phantom.
The phantom is lightly damaged.
You block the phantom's attack. The kobold hits you but does no damage.
The phantom hits you.
* * * LOW HITPOINT WARNING * * *
The phantom blinks!
You blink.
Found 20 gold pieces.
Found a shadowy altar of Dithmenos.
You hit the phantom.
The phantom is moderately damaged.
You block the phantom's attack.
You closely miss the phantom.
The phantom is moderately damaged.
The phantom barely misses you.
You barely miss the phantom.
The phantom is moderately damaged.
The phantom hits you but does no damage.
You sock the phantom!
The phantom is severely damaged.
The phantom hits you.
* * * LOW HITPOINT WARNING * * *
The phantom blinks!
You blink.
The phantom hits you.
You die...

####..h.........
#..h.##........
#..h.##.hh....###
####..h.....h.K....##
#.......####...§##..##
+....h..# #./.##....#
.##.......# #...#(_...#
..........# ##W.##$...#
..........# #.@.##..##
#.#.#+#.#####........##
#.#.....h...#......###
#...h§§.<.+.....##
.....#h#####.....# ...
#. #...... # .. #......
.## #....... ..


You could see a phantom, 3 jackals and a kobold.

Vanquished Creatures
  3 dart slugs
  7 ball pythons
  6 bats
  4 endoplasms
  2 giant cockroaches (D:1)
  5 goblins
  7 hobgoblins
  2 jackals (D:2)
  3 quokkas (D:1)
  2 frilled lizards
  8 kobolds
  4 rats
53 creatures vanquished.

Vanquished Creatures (others)
  4 fungi (D:1)
  4 plants (D:1)
8 creatures vanquished.

Grand Total: 61 creatures vanquished

Notes
Turn   | Place    | Note
-------+----------+-------------------------------------------
     0 | D:1      | Ijustatesigmund the Gargoyle Fighter began the quest for
                  | the Orb.
     0 | D:1      | Reached XP level 1. HP: 14/14 MP: 1/1
   208 | D:1      | Reached XP level 2. HP: 19/19 MP: 2/2
   661 | D:2      | Got the Grimoire of Ensnaring Flames
   898 | D:2      | Reached XP level 3. HP: 21/24 MP: 3/3
   899 | D:2      | Reached skill level 4 in Fighting
  1693 | D:1      | Found a faded altar of an unknown god.
  2655 | D:3      | Found a stormy altar of Qazlal.
  2688 | D:3      | Found a runed translucent door.
  2690 | D:3      | Noticed wpisznazwe's ghost (amateur OgFi)
  2712 | D:3      | Reached XP level 4. HP: 30/30 MP: 4/4
  3116 | D:3      | Found a sparkling altar of Nemelex Xobeh.
  3231 | D:4      | Noticed a phantom
  3245 | D:4      | Found a shadowy altar of Dithmenos.
  3249 | D:4      | HP: 1/30 [phantom (6)]
  3249 | D:4      | Slain by a phantom

Illustrated notes

Levels and vault maps discovered:
D:1:      dpeg_arrival_round_b, layout_basic,
          shapermc_ecumenical_altar_mp_urbaneastern,
          amcnicky_mini_rare_corridor_liquid, minivault_23
D:2:      layout_loops_ring
D:3:      layout_rooms, nemelex_spade_bored_becter,
          nicolae_overflow_crystal_walls, ebering_ghost_inner_flame,
          hex_intersection
D:4:      layout_basic, nicolae_dithmenos_through_a_glass_darkly,
          lemuel_doored_altar, temple_statues, st_stairs_9

Skill      XL: |  1  2  3 |
---------------+----------+-----
Fighting       | 4 |  4.4
Maces & Flails | 3 |  3.3
Armour         | |  3.2
Shields        | |  3.2

Action                   |  1- 3 |  4- 6 || total
-------------------------+-------+-------++-------
Melee: Flail             |   191 |    25 ||   216
  Use: Potion            |     1 |     4 ||     5
       Scroll            |     6 |       ||     6
Armor: Scale mail        |   100 |    21 ||   121
Dodge: Dodged            |    97 |    11 ||   108
Block: Buckler           |    41 |     6 ||    47

Table legend: (Time is in decaauts)
 A = Elapsed time spent in this place.
 B = Non-inter-level travel time spent in this place.
 C = Inter-level travel time spent in this place.
 D = Time resting spent in this place.
 E = Time spent auto-exploring this place.
 F = Levels seen in this place.
 G = Mean time per level.
                   A        B        C        D        E       F      G
               +--------+--------+--------+--------+--------+-----+--------+
         Total |   3308 |   3242 |     66 |    532 |   2146 |   4 |  827.0 |
       Dungeon |   3308 |   3242 |     66 |    532 |   2146 |   4 |  827.0 |
               +--------+--------+--------+--------+--------+-----+--------+

Top non-repeatable levels by time:
     D:1: 1409 daAuts
     D:2: 1249 daAuts
     D:3: 627 daAuts
     D:4: 22 daAuts
